 Dungeon Crawl Stone Soup version 0.18-a0-1514-g6ed9364 (webtiles) character file.

252 Duffy the Ruffian (level 5, 0/45 HPs)
             Began as a Minotaur Chaos Knight on Mar 6, 2016.
             Slain by an elf zombie (6 damage)
             ... in an ossuary.
             The game lasted 00:02:47 (2586 turns).

Duffy the Ruffian (Minotaur Chaos Knight)           Turns: 2586, Time: 00:02:47

Health: 0/45       AC:  6    Str: 17    XL:     5   Next: 89%
Magic:  4/4        EV: 11    Int: 10    God:    Xom [..*...]
Gold:   120        SH:  0    Dex:  9    Spells: 0 memorised, 4 levels left

rFire  . . .     SeeInvis .       - Unarmed
rCold  . . .     Gourm    .     a - +2 leather armour
rNeg   . . .     Faith    .     (no shield)
rPois  .         Spirit   .     (helmet restricted)
rElec  .         Dismiss  .     (no cloak)
rCorr  .         Reflect  .     (no gloves)
SustAt .         Harm     .     x - +0 pair of boots
MR     .....                    (no amulet)
Stlth  ..........               (no ring)
                                f - ring of loudness (curse)

@: not resistant to hostile enchantments, extremely unstealthy
A: retaliatory headbutt, horns 2
a: Renounce Religion


You were in an ossuary.
You worshipped Xom.
You were a toy of Xom.
You were not hungry.

You visited 1 branch of the dungeon, and saw 4 of its levels.
You also visited: Ossuary.

You collected 120 gold pieces.


Innate Abilities, Weirdness & Mutations

You reflexively headbutt those who attack you in melee.
You have a pair of horns on your head.


   Skills:
 - Level 3.6 Fighting
 - Level 2.4 Armour
 - Level 1.1 Dodging
 + Level 7.3 Unarmed Combat


You had 4 spell levels left.
You didn't know any spells.

Inventory:

Hand Weapons
 w - a +0 blowgun
Missiles
 u - 14 poisoned needles
Armour
 a - a +2 leather armour (worn)
 j - a +0 ring mail
 p - a +0 scale mail
 v - a steam dragon hide
 x - a +0 pair of boots (worn)
Jewellery
 f - a cursed ring of loudness (left hand)
Scrolls
 c - a scroll of remove curse {unknown}
 d - a scroll of blinking {unknown}
 g - a scroll of magic mapping {unknown}
 h - 2 scrolls of recharging {unknown}
 i - a scroll of identify {unknown}
 k - 2 scrolls of noise {unknown}
 l - a scroll of random uselessness {unknown}
 n - a scroll of enchant armour {unknown}
 o - a scroll of immolation {unknown}
 r - a scroll of enchant weapon {unknown}
 t - a scroll of fear {unknown}
Potions
 e - a potion of lignification {unknown}
 m - a potion of curing {unknown}
 z - a potion of flight {unknown}
Comestibles
 b - 4 bread rations
 q - a beef jerky
 s - a meat ration

Dungeon Overview and Level Annotations

Branches:
Dungeon (4/15)             Temple (0/1) D:4

Altars:


Message History

You punch the centaur zombie!
You destroy the centaur zombie!
Your Unarmed Combat skill increases to level 7!
You hit the jackal zombie.
The jackal zombie bites you but does no damage. x2
The centaur zombie hits you but does no damage.
You are too injured to fight recklessly!
You punch the jackal zombie!
You destroy the jackal zombie!
The centaur zombie barely misses you.
You hit the centaur zombie. The centaur zombie barely misses you.
You punch the centaur zombie! You headbutt the centaur zombie!
The hobgoblin zombie closely misses you.
The centaur zombie hits you but does no damage.
You punch the centaur zombie! The centaur zombie misses you.
The hobgoblin zombie hits you.
You hit the centaur zombie.
You destroy the centaur zombie!
Xom guffaws.
Your hands begin to glow red.
You swing at nothing.
All of the chunks of flesh in your inventory have rotted away.
You swing at nothing.
Your hands stop glowing.
You swing at nothing.
You hit the hobgoblin zombie. You headbutt the hobgoblin zombie.
You destroy the hobgoblin zombie!
You swing at nothing.
You hit the elf zombie but do no damage.
The sentinel's mark upon you fades away.
The elf zombie hits you. The big kobold zombie hits you.
You punch the elf zombie! The big kobold zombie hits you.
The elf zombie hits you.
You die...
Xom chuckles heartily!

####################
#...Z.....\\........
#...Z..Z...Z...Z....
#...##############..
#.ZZ# ZZ#... #..
#..@# Z#...# #..
#...####'.... #..
#...#.....\.# #..
#...#.......#


#ZZ #...#...M...# #.Z #...#.......####Z#.. #...#.....b...ZZZ#..
#...#.####.Z####Z#.. #...# #.Z# #.. You could see a goblin zombie, a big kobold
zombie, an orc zombie (wandering) and an elf zombie.

Action                   |  1- 3 |  4- 6 || total
-------------------------+-------+-------++-------
Melee: Unarmed           |   108 |    95 ||   203
  Eat: Chunk             |     2 |     3 ||     5

Notes
Turn   | Place    | Note
--------------------------------------------------------------
     0 | D:1      | Duffy the Minotaur Chaos Knight began the quest for the Orb.
     0 | D:1      | Reached XP level 1. HP: 19/19 MP: 0/0
   187 | D:1      | Reached XP level 2. HP: 26/26 MP: 1/1
   263 | D:1      | XOM: silly message
   271 | D:1      | Reached skill level 4 in Unarmed Combat
   456 | D:1      | XOM: harmless Divn miscast
   605 | D:2      | XOM: divination: magic mapping
   728 | D:2      | XOM: mild Fire miscast
   764 | D:2      | XOM: god gift: leather armour {god gift}
  1115 | D:2      | Found a faded altar to an unknown god.
  1188 | D:2      | Reached XP level 3. HP: 27/31 MP: 2/2
  1584 | D:3      | Reached skill level 5 in Unarmed Combat
  1746 | D:3      | XOM: noise
  1975 | D:3      | XOM: noise
  2161 | D:3      | Reached XP level 4. HP: 39/39 MP: 3/3
  2215 | D:3      | XOM: butterfly on damage
  2219 | D:3      | Reached skill level 6 in Unarmed Combat
  2316 | D:3      | XOM: harmless Summ miscast
  2321 | D:4      | Reached XP level 5. HP: 36/45 MP: 4/4
  2376 | D:4      | Found a staircase to the Ecumenical Temple.
  2383 | D:4      | Found a sand-covered staircase.
  2392 | Ossuary  | Entered an ossuary
  2510 | Ossuary  | XOM: enchant monster (good)
  2517 | Ossuary  | XOM: butterfly on damage
  2532 | Ossuary  | XOM: mild Divn miscast
  2561 | Ossuary  | Reached skill level 7 in Unarmed Combat
  2569 | Ossuary  | XOM: cast spell 'Confusing Touch'
  2586 | Ossuary  | Slain by an elf zombie

Vault maps used:
D:1:      co_arrival_random_square_maze
D:2:      ecumenical_altar_1
D:3:      first_bread
D:4:      temple_pool_b, lightli_ossuary_entry_decrepit_ruins, serial_shops,
          shop
Ossuary:  ossuary_tomb_1

Vanquished Creatures
  2 centaur zombies
  An orc wizard
  2 orc priests
  A mummy
  An adder
  A shadow imp
  A worm
  A dart slug
  A giant gecko
  4 orcs
  6 giant cockroaches
  5 hobgoblins
  A quokka
  4 ball pythons
  3 bats
  3 giant newts
  5 goblins
  5 hobgoblin zombies
  A jackal zombie
  5 kobolds
  8 kobold zombies
  8 orc zombies
  6 rats
  A rat zombie
76 creatures vanquished.
